Map: Orbital Shipyard

Players

Krush - Winner!

  • Race: Terran Terran
  • League: Gold

lesha

  • Race: Terran Terran
  • League: Silver

VOD

Have the link to the VOD?

Description

Time

  • Played on: Jan. 3, 2016, 9:32 p.m.
  • Length: 5:25
Show
View Real Time Build Order
Export as new Build Order

Krush Terran - Winner!

Build Orders:  

Get SALT Encoding   

  12  0:01  SCV  
  13  0:13  SCV  
  14  0:18  Supply Depot  
  14  0:26  SCV  
  15  0:31  Refinery  
  15  0:42  Barracks  
  15  0:45  SCV  
  16  0:59  SCV  
  17  1:05  Barracks  
  17  1:13  SCV  
  18  1:26  SCV  
  19  1:35  Reaper  
  19  1:38  Supply Depot  
  20  1:41  Orbital Command  
  20  1:53  Reaper  
  21  2:08  Reaper  
  22  2:11  SCV  
  22  2:23  SCV  
  24  2:39  Command Center  
  24  2:41  Reaper  
  24  2:50  SCV  
  25  2:53  Supply Depot  
  25  2:54  Marine  
  26  3:06  SCV  
  26  3:16  Factory  
  26  3:18  SCV  
  27  3:34  SCV  
  27  3:36  Marine x2  
  27  3:40  Refinery  
  29  3:43  Supply Depot  
  29  3:46  SCV  
  30  3:53  Marine  
  30  3:58  SCV  
  30  4:02  Factory Tech Lab  
  29  4:06  Orbital Command  
  29  4:10  SCV  
  29  4:17  Marine x2  
  30  4:21  Starport  
  30  4:22  SCV  
  33  4:34  SCV, Marine  
  33  4:35  Marine  
  33  4:36  Siege Tank  
  39  4:42  Supply Depot  
  32  5:03  Marine x2  
Show
View Real Time Build Order
Export as new Build Order

lesha Terran 

Build Orders:  

Get SALT Encoding   

  12  0:01  SCV  
  13  0:18  Supply Depot  
  13  0:22  Refinery  
  13  0:24  SCV  
  14  0:36  SCV  
  15  0:44  Barracks  
  15  0:48  SCV  
  16  1:00  SCV  
  17  1:05  Refinery  
  17  1:12  SCV  
  18  1:29  SCV  
  19  1:33  Reaper  
  20  1:46  SCV, Factory  
  21  1:56  Supply Depot  
  21  1:59  SCV  
  22  2:06  Barracks  
  22  2:12  Reaper  
  23  2:19  SCV  
  24  2:31  SCV  
  25  2:45  Reaper  
  26  2:52  Hellion  
  26  2:54  Reaper  
  27  3:18  Reaper  
  27  3:31  Marine  
  28  3:34  Hellion  
  30  3:49  Reaper  
  31  4:00  Reaper  
  29  4:21  Reaper  
  30  4:31  SCV  
  31  4:36  Command Center  
  31  4:39  Command Center  
  31  4:47  Supply Depot  
  31  4:48  SCV, Reaper, Barracks, Supply Depot  
  31  4:50  Supply Depot  
  31  4:51  Barracks  
Tags
 
Add a new tag
Caveats
  • Supply blocks, unpowered buildings, or Contaminate may cause inaccurate times.
  • Supply counts are checked every 10 seconds.